Selects Airborne Battlegroup
Selects Heavy Machine Gun Paradrop
Heavy Machine Gun Paradrop
Heavy Machine Gun Paradrop
Heavy Machine Gun Paradrop
Construct Weapon Support Center
M3 Armored Personnel Carrier
Selects Paratrooper Squad Paradrop
Construct Medical Station
Paratrooper Squad Paradrop
Selects Anti-tank Gun Team Paradrop
M3 Armored Personnel Carrier
Paratrooper Squad Paradrop
M4(105) Sherman Bulldozer
Selects Dual P-47 Rocket Strike